 Dungeon Crawl Stone Soup version 0.26-b1-32-g5d43845318 (webtiles) character file.

Game seed: 15580831373423993217

123567 HoaS the Brawler (level 16, -21/149 HPs)
             Began as a Ghoul Gladiator on Jan 8, 2021.
             Was the Champion of Makhleb.
             Killed from afar by a fire dragon (43 damage)
             ... with a blast of flame
             ... on level 15 of the Dungeon.
             The game lasted 01:05:08 (24151 turns).

HoaS the Brawler (Ghoul Gladiator)                 Turns: 24151, Time: 01:05:09

Health: -21/149    AC: 22    Str: 30    XL:     16   Next: 90%
Magic:  0/15       EV: 19    Int: 12    God:    Makhleb [******]
Gold:   3284       SH:  0    Dex: 14    Spells: 15/15 levels left

rFire    . . .     SeeInvis .     - Unarmed
rCold    + . .     Faith    .   (no shield)
rNeg     + + +     Spirit   +   V - +0 plate armour "Suddim" {rPois Str+3 Int+7}
rPois    ∞         Reflect  .   z - +2 hat {Will+}
rElec    +         Harm     .   w - +0 cloak
rCorr    .         Rampage  .   (no gloves)
Will     +++..                  L - +1 pair of boots {run}
Stlth    ..........             J - amulet of Cunwarphi {Spirit rElec Will+ Int+2}
HPRegen  0.00/turn              q - +6 ring of strength
MPRegen  0.14/turn              F - +4 ring of evasion

@: quick
A: claws 1, cold resistance 1, negative energy resistance 3, inhibited
regeneration, torment resistance, unbreathing
a: Renounce Religion, Minor Destruction, Lesser Servant of Makhleb, Major
Destruction, Greater Servant of Makhleb


You were on level 15 of the Dungeon.
You worshipped Makhleb.
Makhleb was exalted by your worship.
You visited 4 branches of the dungeon, and saw 24 of its levels.
You also visited: Ossuary and Gauntlet.

You collected 3326 gold pieces.
You spent 42 gold pieces at shops.

Inventory:

Missiles
 b - 3 curare-tipped darts
 n - 4 silver boomerangs
 t - 109 poisoned darts
 y - 27 boomerangs
 C - 8 silver javelins
 M - 7 boomerangs of dispersal
 N - 16 javelins
Armour
 w - a +0 cloak (worn)
 z - a +2 hat of willpower (worn)
 L - a +1 pair of boots of running (worn)
 V - the +0 plate armour "Suddim" (worn) {rPois Str+3 Int+7}
   (You found it on level 13 of the Dungeon)

   It affects your strength (+3).
   It affects your intelligence (+7).
   It protects you from poison.
Jewellery
 q - a +6 ring of strength (left claw)
 x - an uncursed ring of protection from cold
 D - a +6 ring of dexterity
 F - a +4 ring of evasion (right claw)
 J - the amulet of Cunwarphi (around neck) {Spirit rElec Will+ Int+2}
   (You acquired it on level 3 of the Lair of Beasts)

   [amulet of guardian spirit]

   It causes incoming damage to be split between your health and magic.
   It affects your intelligence (+2).
   It insulates you from electricity.
   It affects your willpower, your defense against some magical effects.
 O - an uncursed ring of willpower
 P - the ring "Efuoqev" {Int+5 Stlth+}
   (You found it in a Gauntlet)

   [ring of stealth]

   It affects your intelligence (+5).
   It makes you more stealthy.
 S - an uncursed ring of protection from fire
 T - an uncursed ring of resist corrosion
 U - an uncursed ring of protection from fire
Wands
 l - a wand of acid (4)
 u - a wand of polymorph (23)
 v - a wand of flame (35)
 A - a wand of iceblast (21)
 B - a wand of random effects (16)
 G - a wand of disintegration (18)
 I - a wand of digging (5)
Scrolls
 a - 7 scrolls of fog
 c - 5 scrolls of blinking
 d - 8 scrolls of teleportation
 e - 15 scrolls of remove curse
 g - 4 scrolls of identify
 p - 6 scrolls of enchant armour
 s - a scroll of magic mapping
 H - 4 scrolls of torment
 R - 2 scrolls of fear
Potions
 f - 6 potions of cancellation
 h - 2 potions of attraction
 i - 7 potions of flight
 j - 2 potions of haste
 k - 7 potions of resistance
 m - 2 potions of might
 o - 6 potions of curing
 r - 2 potions of ambrosia
 E - 3 potions of heal wounds
 K - a potion of invisibility


   Skills:
 + Level 15.1 Fighting
 - Level 1.7 Throwing
 + Level 12.8 Armour
 + Level 13.1 Dodging
 + Level 18.2 Unarmed Combat


You had 15 spell levels left.
You didn't know any spells.
Your spell library contained the following spells:

 Spells                   Type           Power        Failure   Level
 Apportation              Tloc           0%           90%         1
 Corona                   Hex            0%           90%         1
 Freeze                   Ice            0%           90%         1
 Sandblast                Erth           0%           90%         1
 Shock                    Conj/Air       0%           90%         1
 Ensorcelled Hibernation  Hex/Ice        0%           97%         2
 Passwall                 Tmut/Erth      0%           97%         2
 Slow                     Hex            0%           97%         2
 Swiftness                Air            0%           97%         2
 Confusing Touch          Hex            0%           99%         3
 Frozen Ramparts          Ice            0%           99%         3
 Gell's Gravitas          Tloc           0%           99%         3
 Inner Flame              Hex/Fire       0%           99%         3
 Lesser Beckoning         Tloc           0%           99%         3
 Ozocubu's Armour         Ice            0%           99%         3
 Portal Projectile        Hex/Tloc       0%           99%         3
 Static Discharge         Conj/Air       0%           99%         3
 Stone Arrow              Conj/Erth      0%           99%         3
 Tukima's Dance           Hex            0%           99%         3
 Airstrike                Air            0%           100%        4
 Cause Fear               Hex            0%           100%        4
 Hailstorm                Conj/Ice       0%           100%        4
 Leda's Liquefaction      Hex/Erth       0%           100%        4
 Petrify                  Tmut/Erth      0%           100%        4
 Summon Ice Beast         Ice/Summ       0%           100%        4
 Summon Lightning Spire   Summ/Air       0%           100%        4
 Alistair's Intoxication  Tmut/Pois      0%           100%        5
 Bolt of Magma            Conj/Fire/Erth 0%           100%        5
 Borgnjor's Vile Clutch   Necr/Erth      0%           100%        5
 Lee's Rapid Deconstruct  Erth           0%           100%        5
 Lightning Bolt           Conj/Air       0%           100%        5
 Metabolic Englaciation   Hex/Ice        0%           100%        5
 Silence                  Hex/Air        0%           100%        5
 Yara's Violent Unravell  Hex/Tmut       0%           100%        5
 Conjure Ball Lightning   Conj/Air       0%           100%        6
 Dispersal                Tloc           0%           100%        6
 Invisibility             Hex            0%           100%        6
 Shadow Creatures         Summ           N/A          100%        6
 Disjunction              Tloc           0%           100%        8
 Tornado                  Air            0%           100%        9
 Beastly Appendage        Tmut           Unusable     N/A         1
 Wereblood                Tmut           Unusable     N/A         2
 Spider Form              Tmut/Pois      Unusable     N/A         3
 Ice Form                 Ice/Tmut       Unusable     N/A         4
 Blade Hands              Tmut           Unusable     N/A         5
 Statue Form              Tmut/Erth      Unusable     N/A         6

Dungeon Overview and Level Annotations

Branches:
Dungeon (15/15)            Temple (1/1) D:5            Lair (6/6) D:10
  Swamp (0/4) Lair:3       Spider (0/4) Lair:3        Slime (0/5) Lair:5
    Orc (2/2) D:10            Elf (0/3) Orc:2        Vaults (0/5) D:14
Ossuary (visited)         Gauntlet (visited)
 Depths: D:15

Altars:
Ashenzari
Cheibriados
Dithmenos
Elyvilon
Fedhas
Gozag
Hepliaklqana
Kikubaaqudgha
Makhleb
Nemelex Xobeh
Okawaru
Qazlal
Ru
Sif Muna
Trog
Uskayaw
Vehumet
Wu Jian
Xom
Yredelemnul
Zin
The Shining One

Shops:
D:5 *   D:7 ?   D:11 ([[[(   D:12 [?**   Orc:2 =}((:

Portals:
Trove: D:10 (give 6 scrolls of blinking)

Annotations:
D:13 3 runed translucent doors, exclusion: obsidian statue, Domino's ghost, journeyman MiBe
D:14 1 runed translucent door


Innate Abilities, Weirdness & Mutations

You thrive by killing the living.
You are immune to poison.
You have sharp fingernails.
Your flesh is cold resistant. (rC+)
You are immune to negative energy. (rN+++)
You do not regenerate when monsters are visible.
You are immune to unholy pain and torment.
You can survive without breathing.


Message History

You claw the fire dragon, but do no damage.
The fire dragon is moderately wounded.
The fire dragon completely misses you.
The fire dragon claws you but does no damage.
The fire dragon tramples you.
You hold your ground!
You claw the fire dragon!
The fire dragon is heavily wounded.
The boulder beetle leaps!
You barely miss the fire dragon. You claw the fire dragon!!
The fire dragon is severely wounded.
The fire dragon misses you. The fire dragon closely misses you.
The fire dragon tramples you but does no damage.
You closely miss the fire dragon.
The fire dragon is severely wounded.
The boulder beetle hits you!!!
* * * LOW HITPOINT WARNING * * *
The boulder beetle stops rolling and uncurls.
The fire dragon breathes flames at you. The blast of flame hits you!!!
You die...

# ### ## ### ##.#####..
##.# ##..#....# ## #...
#.......##. #. ##..
......# #..#.####. #....#
#......##. #@B°#
####^...c. ####D#°°#
#..###c?..
##.#.#..#B.#.....z##.
#...##.....#.#...####
####..#########...#.#...
##.##......#....#..(.....
##.........(#..#..#...##..
#...#.......##....(##z###.
#...#........#..#..##.##..


You could see a fire dragon (catching breath) and 2 boulder beetles.

Vanquished Creatures
  Rupert (Lair:6)
  Jorgrun (D:15)
  Gastronok (Lair:2)
  Kirke (D:13)
  A fire giant (Orc:1)
  An orc warlord (Orc:2)
  2 very ugly things (D:12)
  A stone giant (Orc:1)
  The ghost of Flubr the Severer, a journeyman MiBe of Trog (Lair:6)
  A dire elephant (Lair:6)
  The ghost of Anyutwal the Cleaver, a journeyman HOFi of Beogh (D:12)
  The ghost of Panli the Archer, a journeyman CeAM of Okawaru (Lair:5)
  A minotaur (Gauntlet)
  An ettin (Orc:1)
  8 hydras
  A vault guard (D:10)
  Fannar (Lair:1)
  A catoblepas (Lair:6)
  Erolcha (D:11)
  A boulder beetle (D:15)
  4 centaur warriors
  An ogre mage (D:10)
  10 two-headed ogres
  3 death yaks (Lair:6)
  A hell hog (Gauntlet)
  A titan zombie (Orc:1)
  2 tengu warriors (D:13)
  A deep troll shaman (Lair:6)
  An orc high priest (Orc:2)
  Urug (D:14)
  A soul eater (Gauntlet)
  5 skeletal warriors
  2 unseen horrors
  A glowing orange brain (D:12)
  3 lindwurms
  12 ugly things
  3 orc knights
  A stone giant zombie (Orc:1)
  5 orc sorcerers (Orc:2)
  An oklob plant (D:10)
  3 slime creatures (D:14)
  A manticore (D:11)
  A salamander (shapeshifter) (D:13)
  20 cyclopes
  2 centaur zombies
  A guardian serpent (shapeshifter) (D:15)
  12 elephants
  Maurice (D:11)
  Joseph (D:7)
  A rust devil (Gauntlet)
  4 black mambas
  A gargoyle (D:15)
  An eye of devastation (Lair:5)
  2 molten gargoyles (Lair:5)
  4 centaur skeletons
  10 cane toads
  A rime drake (Lair:2)
  Maggie (Lair:1)
  3 efreet
  10 komodo dragons
  A minotaur zombie (Gauntlet)
  A kobold demonologist (D:11)
  6 yaktaurs
  2 demonic crawlers (D:14)
  An ice devil (Gauntlet)
  4 jumping spiders (Lair:3)
  11 polar bears
  2 polar bears (shapeshifter)
  5 trolls
  A tyrant leech (D:14)
  8 blink frogs
  3 redbacks (Lair:3)
  A redback (shapeshifter) (D:13)
  2 shadows
  A wraith (D:13)
  5 wyverns
  A ynoxinul (Gauntlet)
  4 hogs (D:13)
  16 humans
  10 fire bats
  32 yaks
  A steam dragon (D:14)
  A neqoxec (D:12)
  Grum (D:8)
  6 vampire mosquitoes (D:14)
  9 basilisks
  7 wargs
  2 acid dragons
  A two-headed ogre zombie (D:10)
  4 hell hounds
  16 water moccasins
  3 eyes of draining
  2 ice beasts
  3 sky beasts
  27 orc warriors
  A necrophage (D:12)
  6 phantoms
  16 ogres
  14 wolves
  12 centaurs
  3 big kobolds
  20 bullfrogs
  2 cyclops zombies (Orc:1)
  A gnoll sergeant (D:8)
  A wyvern skeleton (D:8)
  3 scorpions
  27 killer bees
  An electric eel (D:14)
  21 wights
  6 lava snakes
  2 bullfrog zombies
  13 jellies
  A quasit (D:6)
  23 orc priests
  12 hounds
  A gnoll shaman (D:6)
  A bullfrog skeleton (D:9)
  3 iron imps (Gauntlet)
  Terence (D:2)
  6 iguanas
  40 orc wizards
  15 worker ants
  2 lightning spires (Gauntlet)
  7 big kobold zombies (Ossuary)
  7 ogre zombies (D:10)
  2 hound skeletons
  A mummy (Ossuary)
  A howler monkey zombie (D:11)
  A gnoll (shapeshifter) (D:12)
  14 gnolls
  A howler monkey skeleton (D:10)
  14 adders
  5 shadow imps
  3 white imps
  2 ufetubi
  24 oozes
  An adder zombie (D:5)
  2 adder skeletons
  12 worms
  A worm (shapeshifter) (D:12)
  2 dart slugs
  6 leopard geckos
  81 orcs
  3 spectral bats (Ossuary)
  10 giant cockroaches
  5 gnoll zombies (Ossuary)
  3 goblins
  7 hobgoblins
  22 jackals
  7 quokkas
  2 ball pythons
  A bat (shapeshifter) (D:12)
  10 bats
  3 bat simulacra (Ossuary)
  6 frilled lizards
  A giant cockroach zombie (D:6)
  3 goblin simulacra (Ossuary)
  4 goblin skeletons (D:10)
  6 goblin zombies
  4 hobgoblin skeletons (D:10)
  6 hobgoblin zombies
  A jackal skeleton (D:4)
  21 kobolds
  4 kobold simulacra (Ossuary)
  5 kobold zombies (Ossuary)
  An orc skeleton (D:10)
  17 orc zombies
  2 quokka skeletons
  5 rats
  6 rat simulacra (Ossuary)
  3 spectral goblins (Ossuary)
  3 spectral kobolds (Ossuary)
  4 spectral rats (Ossuary)
  3 fire vortices (D:13)
986 creatures vanquished.

Vanquished Creatures (others)
  A centaur warrior (D:13)
  A shadow wraith (D:15)
  A shadow (D:13)
  A human (D:13)
  A lava snake (Lair:5)
  25 fungi
  15 plants
45 creatures vanquished.

Grand Total: 1031 creatures vanquished

Notes
Turn   | Place    | Note
-------+----------+-------------------------------------------
     0 | D:1      | HoaS the Ghoul Gladiator began the quest for the Orb.
     0 | D:1      | Reached XP level 1. HP: 17/17 MP: 0/0
   164 | D:1      | Reached XP level 2. HP: 7/24 MP: 1/1
   334 | D:1      | Reached skill level 4 in Unarmed Combat
   849 | D:2      | Reached XP level 3. HP: 27/29 MP: 2/2
  1139 | D:2      | Noticed Terence
  1152 | D:2      | Killed Terence
  1153 | D:2      | Reached skill level 5 in Unarmed Combat
  1153 | D:2      | Reached XP level 4. HP: 33/36 MP: 3/3
  1364 | D:2      | Found a glowing golden altar of the Shining One.
  1615 | D:3      | Reached skill level 6 in Unarmed Combat
  1624 | D:3      | Reached XP level 5. HP: 41/41 MP: 4/4
  2012 | D:4      | Noticed an ogre
  2023 | D:3      | Killed an ogre
  2024 | D:3      | Reached skill level 7 in Unarmed Combat
  2024 | D:3      | Reached XP level 6. HP: 32/48 MP: 5/5
  2152 | D:4      | Noticed a +0 dagger
  2152 | D:4      | Noticed a +0 dagger
  2153 | D:4      | Found a hide-covered altar of Uskayaw.
  2253 | D:4      | Reached skill level 8 in Unarmed Combat
  2307 | D:4      | Reached XP level 7. HP: 53/55 MP: 6/6
  2638 | D:5      | Entered Level 5 of the Dungeon
  2698 | D:4      | Reached skill level 9 in Unarmed Combat
  2805 | D:5      | Reached skill level 10 in Unarmed Combat
  2805 | D:5      | Reached XP level 8. HP: 56/61 MP: 7/7
  2936 | D:5      | Found Jemuewir's General Store.
  3145 | D:5      | Found a staircase to the Ecumenical Temple.
  3319 | Temple   | Entered the Ecumenical Temple
  3533 | Temple   | Became a worshipper of Makhleb the Destroyer
  3703 | D:6      | Found a sand-covered staircase.
  3707 | Ossuary  | Entered an ossuary
  3758 | Ossuary  | Reached * piety under Makhleb
  3935 | Ossuary  | Reached ** piety under Makhleb
  4116 | D:6      | Reached skill level 11 in Unarmed Combat
  4319 | D:6      | Reached skill level 12 in Unarmed Combat
  4332 | D:6      | Reached XP level 9. HP: 68/68 MP: 8/8
  4333 | D:6      | Found a glowing silver altar of Zin.
  4358 | D:6      | Reached skill level 1 in Armour
  4390 | D:6      | Found an iron altar of Okawaru.
  4606 | D:6      | Found a bloodstained altar of Trog.
  4606 | D:6      | Found a radiant altar of Vehumet.
  4698 | D:6      | Reached *** piety under Makhleb
  5385 | D:7      | Noticed a two-headed ogre
  5394 | D:7      | HP: 2/71 [two-headed ogre/+0 giant club (11)]
  5408 | D:7      | Killed a two-headed ogre
  5409 | D:7      | Reached skill level 5 in Fighting
  5717 | D:7      | Reached XP level 10. HP: 81/81 MP: 9/9
  5892 | D:7      | Reached **** piety under Makhleb
  5932 | D:7      | Noticed Joseph
  5945 | D:7      | Killed Joseph
  5946 | D:7      | Reached skill level 5 in Dodging
  6013 | D:7      | Found an ornate altar of the Wu Jian Council.
  6021 | D:7      | Found Qerridd's Magic Scroll Shop.
  6354 | D:7      | Found a sacrificial altar of Ru.
  6727 | D:8      | Noticed Grum
  6761 | D:8      | Reached skill level 13 in Unarmed Combat
  6770 | D:8      | Killed Grum
  7653 | D:9      | Reached skill level 5 in Armour
  7744 | D:9      | Reached ***** piety under Makhleb
  8040 | D:10     | Entered Level 10 of the Dungeon
  8115 | D:10     | Reached XP level 11. HP: 92/92 MP: 10/10
  8135 | D:10     | Found a bloodstained altar of Trog.
  8185 | D:10     | Noticed an oklob plant
  8355 | D:10     | HP: 3/92 [something (18)]
  8357 | D:10     | HP: 1/92 [bullfrog (2)]
  8676 | D:10     | Found a staircase to the Lair.
  8702 | D:10     | Found a staircase to the Orcish Mines.
  9263 | D:10     | Noticed a two-headed ogre
  9272 | D:10     | Killed a two-headed ogre
  9386 | D:10     | Noticed a vault guard
  9400 | D:10     | Killed a vault guard
  9401 | D:10     | Reached skill level 14 in Unarmed Combat
  9418 | D:10     | Found a portal to a secret trove of treasure.
  9466 | Lair:1   | Entered Level 1 of the Lair of Beasts
  9471 | Lair:1   | Reached ****** piety under Makhleb
  9702 | Lair:1   | Noticed Maggie
  9711 | Lair:1   | Killed Maggie
  9951 | Lair:1   | Noticed Fannar
  9962 | Lair:1   | Killed Fannar
  9963 | Lair:1   | Reached XP level 12. HP: 103/103 MP: 11/11
 10330 | Lair:2   | Noticed Gastronok
 10372 | Lair:2   | Killed Gastronok
 10822 | Lair:2   | Reached skill level 10 in Fighting
 11217 | Lair:2   | Reached skill level 15 in Unarmed Combat
 11307 | Lair:3   | Reached XP level 13. HP: 114/114 MP: 12/12
 11360 | Lair:3   | Found a staircase to the Swamp.
 11398 | Lair:3   | Identified a scroll of acquirement
 11398 | Lair:3   | Acquired the amulet of Cunwarphi {Spirit rElec Will+ Int+2}
 11799 | Lair:3   | Found a hole to the Spider Nest.
 12046 | Lair:3   | Identified a +1 pair of boots of running (You found it on
                  | level 3 of the Lair of Beasts)
 13225 | Lair:5   | Found a staircase to the Slime Pits.
 13467 | Lair:5   | Found a runed translucent gate.
 13467 | Lair:5   | Found a runed translucent gate.
 13468 | Lair:5   | Found a runed translucent gate.
 13469 | Lair:5   | Noticed Panli's ghost (journeyman CeAM)
 13652 | Lair:6   | Entered Level 6 of the Lair of Beasts
 13750 | Lair:6   | Reached skill level 10 in Dodging
 13779 | Lair:6   | Noticed Rupert
 13797 | Lair:6   | Killed Rupert
 13974 | Lair:6   | Reached XP level 14. HP: 125/125 MP: 11/13
 14040 | Lair:6   | Found a runed translucent door.
 14042 | Lair:6   | Noticed Flubr's ghost (journeyman MiBe)
 14138 | Lair:6   | Reached skill level 10 in Armour
 14228 | Lair:6   | Reached skill level 16 in Unarmed Combat
 14440 | Lair:6   | Noticed a dire elephant
 14619 | Lair:6   | Killed a dire elephant
 14781 | Lair:6   | Killed Flubr's ghost
 15090 | Lair:5   | Killed Panli's ghost
 15279 | D:11     | Found Kemn's Antique Armour Boutique.
 15292 | D:11     | Found Fot Toogome's Antique Weapon Shop.
 15372 | D:11     | Noticed Maurice
 15389 | D:11     | Killed Maurice
 15406 | D:11     | Found Plog's Antique Weapon Shop.
 15498 | D:11     | Found Kokoy's Armour Boutique.
 15694 | D:11     | Found Magotwocru's Antique Armour Shop.
 15745 | D:11     | Noticed Erolcha
 15760 | D:11     | Killed Erolcha
 15809 | D:12     | Found Uroex's Antique Armour Shop.
 15822 | D:12     | Found a runed translucent gate.
 15822 | D:12     | Found a runed translucent gate.
 15822 | D:12     | Found a runed translucent gate.
 15823 | D:12     | Noticed a red very ugly thing
 15823 | D:12     | Noticed a white very ugly thing
 15911 | D:12     | Found a gate leading to a gauntlet.
 15920 | Gauntlet | Entered a Gauntlet
 15920 | Gauntlet | Found a transporter.
 15929 | Gauntlet | Found a transporter.
 15932 | Gauntlet | Found a transporter.
 15933 | Gauntlet | Found a transporter.
 15937 | Gauntlet | Found a runed translucent door.
 15937 | Gauntlet | Found a runed translucent door.
 15941 | Gauntlet | Found a transporter.
 15944 | Gauntlet | Found a transporter.
 15945 | Gauntlet | Found a transporter.
 15953 | Gauntlet | Found a transporter.
 15956 | Gauntlet | Found a transporter.
 15957 | Gauntlet | Found a transporter.
 15965 | Gauntlet | Found a transporter.
 15968 | Gauntlet | Found a transporter.
 15969 | Gauntlet | Found a transporter.
 15977 | Gauntlet | Found a transporter.
 16307 | Gauntlet | Got a scintillating tin ring
 16308 | Gauntlet | Identified the cursed ring "Wiacag" {Str-4 Int+3 Dex+3
                  | Stlth+} (You found it in a Gauntlet)
 16335 | Gauntlet | Identified the +11 dagger "Pade Zig" {vorpal, SInv}
 16356 | Gauntlet | Got a flickering jade ring
 16452 | D:12     | Found Kuogyavo's Assorted Antiques.
 16471 | D:12     | Found Byawk's General Store.
 16722 | D:12     | Found Ceadgh's Magic Scroll Shoppe.
 16752 | D:12     | Bought a scroll of teleportation for 42 gold pieces
 17057 | Orc:1    | Entered Level 1 of the Orcish Mines
 17085 | D:10     | Reached XP level 15. HP: 132/135 MP: 11/14
 17277 | Orc:1    | Identified the Grimoire of Creative Earth
 18231 | Orc:1    | Reached skill level 17 in Unarmed Combat
 18261 | Orc:1    | Noticed a fire giant
 18279 | Orc:1    | HP: 5/136 [fire giant/fireball (28)]
 18816 | Orc:1    | Identified the +9 quarterstaff "Kechif" {vorpal, *Noise
                  | *Corrode rPois Will++ Int+2}
 18833 | Orc:1    | Killed a fire giant
 19026 | Orc:2    | Entered Level 2 of the Orcish Mines
 19567 | Orc:2    | Noticed an orc warlord
 20032 | Orc:2    | Killed an orc warlord
 20211 | Orc:2    | Found a staircase to the Elven Halls.
 20311 | Orc:2    | Found Ytosuu's Jewellery Boutique.
 20599 | Orc:2    | Found Huuferr's Gadget Boutique.
 20599 | Orc:2    | Found Tuvaof's Weapon Boutique.
 20600 | Orc:2    | Found Gyokedi's Book Shop.
 20603 | Orc:2    | Found Namor's Antique Weapon Shop.
 20727 | Orc:2    | Identified the ring "Efuoqev" {Int+5 Stlth+} (You found it
                  | in a Gauntlet)
 21200 | D:12     | Found a runed translucent gate.
 21200 | D:12     | Found a runed translucent gate.
 21201 | D:12     | Noticed Anyutwal's ghost (journeyman HOFi)
 21204 | D:12     | Found a runed translucent gate.
 21230 | D:12     | Killed Anyutwal's ghost
 21312 | D:13     | Found a runed translucent gate.
 21313 | D:13     | Found a runed translucent gate.
 21313 | D:13     | Found an opulent altar of Gozag.
 21314 | D:13     | Found a runed translucent gate.
 21316 | D:13     | Noticed Domino's ghost (journeyman MiBe)
 21473 | D:13     | Reached XP level 16. HP: 146/146 MP: 10/15
 21498 | D:13     | Noticed Kirke
 21549 | D:13     | Killed Kirke
 21701 | D:13     | Got a slimy plate armour
 21739 | D:13     | Identified the +0 plate armour "Suddim" {rPois Str+3 Int+7}
                  | (You found it on level 13 of the Dungeon)
 21905 | D:13     | Found a blossoming altar of Fedhas.
 22534 | D:14     | Noticed Urug
 22543 | D:14     | Killed Urug
 22550 | D:14     | Found a gate to the Vaults.
 23356 | D:14     | Found a runed translucent door.
 23356 | D:14     | Noticed a tengu reaver
 23358 | D:14     | Noticed a tengu reaver
 23595 | D:15     | Entered Level 15 of the Dungeon
 23607 | D:15     | Reached skill level 18 in Unarmed Combat
 23800 | D:15     | Reached skill level 15 in Fighting
 23911 | D:15     | Noticed Jorgrun
 23929 | D:15     | Killed Jorgrun
 24151 | D:15     | Killed from afar by a fire dragon

Illustrated notes

Levels and vault maps discovered:
D:1:      nzn_arrival_settlement, layout_basic
D:2:      wad_pebble_path, layout_basic, old_standard_altar, uniq_terence
D:3:      layout_rooms
D:4:      layout_cave_pools, dancing_weapons_uskayaw, minmay_cut_off
D:5:      layout_basic, minmay_temple_entry_statues_fountains, serial_shops,
          shop
D:6:      layout_basic, overflow_temple_1_default, old_standard_altar,
          gammafunk_temple_overflow_elements, nicolae_ossuary_entry_plus
D:7:      layout_gridville, nzn_wu_jian_contemplation,
          nicolae_ru_the_path_less_chosen, serial_shops, shop, uniq_joseph
D:8:      layout_gridville, st_stairs_9, uniq_grum
D:9:      layout_irregular_city
D:10:     lemuel_slime, layout_cave_pods, grunt_lair_entry_orc_guard_hut,
          zombieorc2_lemuel, enter_trove_5, basic_altar
D:11:     layout_rooms, serial_shops, nicolae_shop_trees, shop,
          nicolae_shop_trees, shop, nicolae_shop_trees, uniq_maurice,
          uniq_erolcha
D:12:     layout_roguey, ploomutoo_gammafunk_ghost_potion_laboratory,
          serial_shops, shop, nicolae_shop_stone, nicolae_shop_crystal,
          shop_statue, gauntlet_entry_generic
D:13:     minmay_the_grid_triangle_9x9_rhombus_thin
          [minmay_the_grid_triangle_9x9_limited_checkers,
          minmay_the_grid_triangle_9x9_prize_insulated,
          minmay_the_grid_triangle_9x9_negative_grid,
          minmay_the_grid_triangle_9x9_stretched_checkered], layout_gridville,
          ebering_ghost_gozag, basic_altar, hangedman_incinerator, uniq_kirke
D:14:     minmay_gate_of_8, layout_basic, david_vaults_3,
          hangedman_parallel_progression
D:15:     grunt_enter_depths_hoard, layout_cave_pools,
          hangedman_abyss_or_decor_jellyfish_corner, uniq_jorgrun
Temple:   eino_temple_water
Lair:1:   layout_regular_city, uniq_maggie, uniq_fannar
Lair:2:   layout_layer_cave, uniq_gastronok
Lair:3:   layout_gridlike, swamp_mist, nicolae_spider_entry_tight_spaces,
          cheibrodos_lair_lostbears
Lair:4:   layout_hall_layers, st_stairs_9, infiniplex_staircase_pool_2,
          grunt_megastairs_1
Lair:5:   cheibrodos_magma_flow, layout_regular_city, minmay_slime_entry_eyes,
          gammafunk_ghost_hydra_chop
Lair:6:   grunt_lair_end_beastmaster, layout_long_grid,
          ebering_ghost_inner_flame, uniq_rupert
Orc:1:    giant_chief_lemuel, layout_caves
Orc:2:    st_orc_mages, layout_caves, serial_shops, shop

Skill      XL: |  1  2  3  4  5  6  7  8  9 10 11 12 13 14 15 16 |
---------------+-------------------------------------------------+-----
Unarmed Combat | 4 5 6 7 8 10 12 13 14 15 16 17 18 | 18.2
Armour         | 3 5 7 8 9 11 12 | 12.8
Dodging        | 4 6 7 9 10 11 12 13 | 13.1
Fighting       | 5 7 8 10 11 13 14 15 | 15.1
Throwing       | |  1.7

Action                   |  1- 3 |  4- 6 |  7- 9 | 10-12 | 13-15 | 16-18 || total
-------------------------+-------+-------+-------+-------+-------+-------++-------
Melee: Unarmed           |    85 |   162 |   415 |   795 |  1275 |   559 ||  3291
       Punch             |     2 |     2 |    17 |    51 |   122 |    61 ||   255
Throw: Throwing net      |       |     4 |     2 |     2 |       |       ||     8
       Dart              |       |       |     1 |       |       |       ||     1
Evoke: Wand              |       |       |     4 |     4 |     5 |       ||    13
  Use: Scroll            |     2 |     7 |     5 |    15 |    15 |     2 ||    46
       Potion            |       |       |     2 |     5 |     9 |       ||    16
 Stab: Held in net/web   |       |     1 |     1 |     2 |       |       ||     4
       Distracted        |       |       |       |       |       |     1 ||     1
Armor: Scale mail        |    39 |    41 |       |       |       |       ||    80
       Chain mail        |       |    36 |   181 |       |       |       ||   217
       Plate armour      |       |       |     6 |   408 |   457 |   197 ||  1068
Dodge: Dodged            |    32 |    92 |   175 |   416 |   936 |   457 ||  2108
